 Dungeon Crawl Stone Soup version 0.29.1-13-g9f3cf754e1 (webtiles) character file.

Game seed: 8103651351320429277

48 DildoBatman the Conjurer (level 4, 0/32 HPs)
             Began as a Formicid Conjurer on Jan 23, 2023.
             Slain by an iguana (6 damage)
             ... on level 6 of the Dungeon.
             The game lasted 00:02:52 (1713 turns).

DildoBatman the Conjurer (Formicid Conjurer)        Turns: 1713, Time: 00:02:53

Health: 0/32       AC:  2    Str: 12    XL:     4   Next: 0%
Magic:  6/8        EV: 12    Int: 19    God:
Gold:   53         SH:  0    Dex: 12    Spells: 5/8 levels left

rFire   . . .      SeeInvis +   e - +0 short sword
rCold   . . .      Faith    .   (no shield)
rNeg    . . .      Spirit   .   a - +0 robe
rPois   .          Reflect  .   (helmet unavailable)
rElec   .          Harm     .   (no cloak)
rCorr   .          Rampage  .   (no gloves)
Will    .....                   (no boots)
Stlth   ++........              (no amulet)
HPRegen 0.10/turn               (no ring)
MPRegen 0.11/turn               (no ring)

@: no status effects
A: permanent stasis, dig shafts and tunnels, antennae 3, four strong arms
a: Dig, Shaft Self


You were on level 6 of the Dungeon.
You visited 1 branch of the dungeon, and saw 4 of its levels.

You collected 53 gold pieces.

Inventory:

Hand Weapons
 d - a +0 club
 e - a +0 short sword (weapon)
Armour
 a - a +0 robe (worn)
Scrolls
 f - a scroll of fog {unknown}
 h - 2 scrolls of identify {unknown}
 i - 2 scrolls of enchant weapon {unknown}
 j - a scroll of noise {unknown}
Potions
 b - a potion of magic
 c - a potion of curing {unknown}
 g - a potion of cancellation {unknown}


   Skills:
 * Level 1.4 Fighting
 * Level 1.4 Armour
 - Level 2.0 Dodging
 - Level 2.4 Stealth
 * Level 2.7 Spellcasting
 * Level 3.9 Conjurations


You had 5 spell levels left.
You knew the following spells:

 Your Spells              Type           Power      Damage    Failure   Level
a - Searing Ray           Conj           34%        2d5       4%          2
c - Magic Dart            Conj           68%        1d6       3%          1

Your spell library contained the following spells:

 Spells                   Type           Power      Damage    Failure   Level
 Summon Small Mammal      Summ           8%         N/A       16%         1
 Dazzling Flash           Conj/Hex       20%        N/A       22%         3
 Call Canine Familiar     Summ           2%         N/A       43%         3
 Summon Guardian Golem    Hex/Summ       2%         N/A       43%         3
 Fulminant Prism          Conj/Hex       5%         3d7       56%         4
 Iskenderun's Mystic Bla  Conj/Tloc      10%        2d4       56%         4


Dungeon Overview and Level Annotations

Branches:
Dungeon (2/15)

Altars:


Innate Abilities, Weirdness & Mutations

You cannot be hasted, slowed, berserked, paralysed or teleported.
You can dig through walls and to a lower floor.
You have a pair of large antennae on your head. (SInv)
Your four strong arms can wield two-handed weapons with a shield.


Message History

Anything else - Cancel.
You shout for attention!
An iguana comes into view.
What are your orders? t - Shout!
Orders for allies: a - Attack new target. r - Retreat! s - Stop attacking. g - Guard the area. f - Follow me.
Anything else - Cancel.
You shout for attention!
What are your orders? t - Shout!
Orders for allies: a - Attack new target. r - Retreat! s - Stop attacking. g - Guard the area. f - Follow me.
Anything else - Cancel.
You shout for attention!
A centaur comes into view.
What are your orders? t - Shout!
Orders for allies: a - Attack new target. r - Retreat! s - Stop attacking. g - Guard the area. f - Follow me.
Anything else - Cancel.
You shout for attention!
The centaur wields a +0 shortbow.
The centaur shoots an arrow.
The arrow hits you! The iguana bites you. What are your orders? t - Shout!
Orders for allies: a - Attack new target. r - Retreat! s - Stop attacking. g - Guard the area. f - Follow me.
Anything else - Cancel.
You shout for attention!
The centaur shoots an arrow.
The arrow hits you! The iguana bites you.
You die...

#####
#.@.#
#.#l#
#. .#
.. ..
#c.
...
...
....
..##
#....
..
#...#


You could see a centaur and an iguana.

Vanquished Creatures
  An adder (D:2)
  5 ball pythons
  4 endoplasms
  A giant cockroach (D:2)
  5 hobgoblins (D:1)
  3 jackals (D:1)
  5 bats
  3 frilled lizards (D:1)
  4 goblins
  2 kobolds (D:1)
  3 rats
36 creatures vanquished.

Notes
Turn   | Place    | Note
-------+----------+-------------------------------------------
     0 | D:1      | DildoBatman the Formicid Conjurer began the quest for the
                  | Orb.
     0 | D:1      | Reached XP level 1. HP: 13/13 MP: 3/3
   308 | D:1      | Reached XP level 2. HP: 20/20 MP: 1/5
   354 | D:1      | Learned a level 2 spell: Searing Ray
   434 | D:1      | Found a faded altar of an unknown god.
   596 | D:1      | Reached skill level 1 in Fighting
   596 | D:1      | Reached skill level 1 in Armour
   648 | D:1      | Reached XP level 3. HP: 26/26 MP: 2/6
  1672 | D:2      | Reached XP level 4. HP: 31/32 MP: 1/8
  1685 | D:2      | You fall into a shaft and drop 1 floor!
  1704 | D:3      | You fall into a shaft and drop 3 floors!
  1711 | D:6      | Noticed a centaur
  1713 | D:6      | Slain by an iguana

Illustrated notes

Levels and vault maps discovered:
D:1:      dpeg_arrival_signposts, layout_basic, ebering_ecumenical_altar_webs
D:2:      layout_basic
D:3:      layout_basic, overflow_temple_1_default, mainiacjoe_overflow_24_doors,
          mainiacjoe_overflow_alcove_1, ebering_ghost_sewer_f,
          chequers_serial_rivers_small_a, chequers_serial_rivers_large_b,
          serial_bayou_crossing, uniq_sigmund
D:6:      cheibrodos_barr_body, layout_rooms, yredelemnul_altar_generic

Skill      XL: |  1  2 |
---------------+-------+-----
Dodging        | 2 |  2.0
Fighting       | 1 |  1.4
Armour         | 1 |  1.4
Stealth        | |  2.4
Spellcasting   | |  2.7
Conjurations   | |  3.9

Action                   |  1- 3 |  4- 6 || total
-------------------------+-------+-------++-------
Melee: Club              |     3 |       ||     3
       Short sword       |     6 |       ||     6
 Cast: Magic Dart        |    49 |       ||    49
       Searing Ray       |     3 |       ||     3
 Abil: Shaft Self        |       |     2 ||     2
 Stab: Sleeping          |     1 |       ||     1
Armor: Robe              |     4 |       ||     4
Dodge: Dodged            |     8 |       ||     8
